 Dungeon Crawl Stone Soup version 0.22-a0-417-g1387785 (webtiles) character file.

91 Kairos the Ducker (level 4, -5/33 HPs)
             Began as a Demonspawn Gladiator on May 14, 2018.
             Slain by Crazy Yiuf
             ... wielding a +4 quarterstaff of chaos
              (8 damage)
             ... on level 2 of the Dungeon.
             The game lasted 00:02:17 (1984 turns).

Kairos the Ducker (Demonspawn Gladiator)            Turns: 1984, Time: 00:02:18

Health: -5/33      AC:  3    Str: 15    XL:     4   Next: 34%
Magic:  4/4        EV: 13    Int: 10    God:
Gold:   94         SH:  0    Dex: 14    Spells: 3/3 levels left

rFire    . . .     SeeInvis .   e - +3 whip
rCold    . . .     Gourm    .   (no shield)
rNeg     . . .     Faith    .   b - +0 leather armour
rPois    .         Spirit   .   (helmet restricted)
rElec    .         Reflect  .   (no cloak)
rCorr    .         Harm     .   (no gloves)
MR       .....                  (no boots)
Stlth    +.........             (no amulet)
HPRegen  0.11/turn              (no ring)
MPRegen  0.09/turn              (no ring)

@: very slightly contaminated, invisible
A: antennae 1, claws 1, hooves 1
a: no special abilities


You were on level 2 of the Dungeon.
You were not hungry.

You visited 1 branch of the dungeon, and saw 2 of its levels.

You collected 94 gold pieces.

Inventory:

Hand Weapons
 a - a +0 war axe
 e - a +3 whip (weapon)
 p - a +0 mace of holy wrath
Missiles
 d - 3 throwing nets (quivered)
Armour
 b - a +0 leather armour (worn)
 c - a +0 helmet
Scrolls
 h - 6 scrolls of teleportation {unknown}
 j - 7 scrolls of identify {unknown}
 k - a scroll of immolation {unknown}
 m - 3 scrolls of remove curse {unknown}
Potions
 g - a potion of agility {unknown}
 i - a potion of mutation {unknown}
 l - a potion of heal wounds {unknown}
 n - a potion of brilliance {unknown}
 o - a potion of haste {unknown}
 q - a potion of magic {unknown}
 r - a potion of invisibility {unknown}
 s - a potion of lignification {unknown}
 t - a potion of curing {unknown}
 u - a potion of degeneration {unknown}
Comestibles
 f - 3 rations


   Skills:
 + Level 2.2 Fighting
 + Level 3.0(3.2) Axes
 + Level 1.4(2.4) Maces & Flails
 + Level 1.9 Throwing
 + Level 1.2 Armour
 + Level 3.5 Dodging


You had 3 spell levels left.
You didn't know any spells.
Your spell library was empty.

Dungeon Overview and Level Annotations

Branches:
Dungeon (2/15)

Altars:
Kikubaaqudgha
Wu Jian

Annotations:
D:2 Crazy Yiuf


Innate Abilities, Weirdness & Mutations

You have a pair of small antennae on your head.
You have sharp fingernails.
You have large cloven feet.


Message History

You hit Crazy Yiuf.
Crazy Yiuf is moderately wounded.
Crazy Yiuf says, "Buddy sallow ragdoll!"
Crazy Yiuf closely misses you.
You hit Crazy Yiuf. Your kick misses Crazy Yiuf.
Crazy Yiuf is moderately wounded.
Crazy Yiuf hits you with a quarterstaff of chaos!
Ouch! That really hurt!
You fade into invisibility!
You are very lightly contaminated with residual magic.
You hit Crazy Yiuf. You kick Crazy Yiuf.
Crazy Yiuf is severely wounded.
Crazy Yiuf hits you with a quarterstaff of chaos!
* * * LOW HITPOINT WARNING * * *
You convulse.
* * * LOW HITPOINT WARNING * * *
You hit Crazy Yiuf.
Crazy Yiuf is severely wounded.
Crazy Yiuf hits you with a quarterstaff of chaos!
You die...

# #
##### #
#...# #
#...# #
###...#
##### #
#.....#
#..)# #
#.##.##
#...# #
#.##..#
#.g.# #
#.#####
#@# #
##.#
##.# ###
#..#
#.##
..###.##
##.#
#.>#..#
#.##
##.#.##
###
##.##
#.#.#
#.#
#..P##
##.#.#
#.#
#P..P#
##...#
#.#
#....#


You could see Crazy Yiuf.

Vanquished Creatures
  An adder (D:2)
  A gnoll (D:1)
  3 oozes (D:1)
  A worm (D:2)
  2 dart slugs
  5 leopard geckos
  A bat (D:1)
  3 giant cockroaches (D:1)
  6 goblins
  3 hobgoblins (D:1)
  3 jackals (D:2)
  A quokka (D:2)
  3 frilled lizards
  7 kobolds
  5 rats
45 creatures vanquished.

Notes
Turn   | Place    | Note
-------+----------+-------------------------------------------
     0 | D:1      | Kairos the Demonspawn Gladiator began the quest for the Orb.
     0 | D:1      | Reached XP level 1. HP: 16/16 MP: 1/1
     9 | D:1      | Gained mutation: You have sharp fingernails. [demonic ancestry]
     9 | D:1      | Reached XP level 2. HP: 21/22 MP: 2/2
   165 | D:1      | Gained mutation: You have a pair of small antennae on your head. [demonic ancestry]
   165 | D:1      | Reached XP level 3. HP: 4/27 MP: 3/3
  1496 | D:2      | Reached skill level 1 in Maces & Flails
  1496 | D:2      | Reached skill level 1 in Armour
  1508 | D:2      | Gained mutation: You have large cloven feet. [demonic ancestry]
  1508 | D:2      | Reached XP level 4. HP: 31/33 MP: 4/4
  1701 | D:2      | Found an ornate altar of the Wu Jian Council.
  1846 | D:2      | Found a runed door.
  1885 | D:2      | Found an ancient bone altar of Kikubaaqudgha.
  1979 | D:2      | Noticed Crazy Yiuf
  1984 | D:2      | Slain by Crazy Yiuf

Vault maps used:
D:1:      tarquinn_simple_flora_water_e, minmay_small_reverse_x
D:2:      lemuel_crystal_altar, nicolae_overflow_hidden_temple, first_ration,
          uniq_crazy_yiuf_cottage

Skill      XL: |  1  2  3 |
---------------+----------+-----
Dodging        | 3 |  3.5
Axes           | 3 |  3.0
Maces & Flails | 1 |  1.4
Armour         | 1 |  1.2
Fighting       | |  2.2
Throwing       | |  1.9

Action                   |  1- 3 |  4- 6 || total
-------------------------+-------+-------++-------
Melee: War axe           |     5 |       ||     5
       Whip              |    86 |    34 ||   120
       Kick              |       |    12 ||    12
 Stab: Sleeping          |     1 |       ||     1
  Eat: Chunk             |       |     3 ||     3
Armor: Leather armour    |    13 |     8 ||    21
Dodge: Dodged            |    55 |    13 ||    68

Table legend:
 A = Spawn XP
 B = Non-spawn XP
 C = Spawn XP percentage of total XP
 D = Spawn monster count
 E = Non-spawn monster count
 F = Spawn count percentage of total count
 G = Total turns spent on level
                    A         B        C        D         E        F      G
               +---------+---------+-------+---------+---------+-------+---------
         Total |       0 |     131 |   0.0 |       0 |      45 |   0.0 |  1984
               +---------+---------+-------+---------+---------+-------+---------
           D:1 |       0 |      76 |   0.0 |       0 |      25 |   0.0 |  1411
           D:2 |       0 |      55 |   0.0 |       0 |      20 |   0.0 |   573
               +---------+---------+-------+---------+---------+-------+---------
